 Dungeon Crawl Stone Soup version 0.29.0-11-gd7f09526c8 (webtiles) character file.

Game seed: 3584501178377660801

4 mtoz the Trooper (level 1, -1/20 HPs)
             Began as a Minotaur Berserker on Sept 4, 2022.
             Was a Follower of Trog.
             Slain by a gnoll
             ... wielding a +0 flail
              (8 damage)
             ... on level 1 of the Dungeon.
             The game lasted 00:01:06 (472 turns).

mtoz the Trooper (Minotaur Berserker)                Turns: 472, Time: 00:01:07

Health: -1/20      AC:  2    Str: 21    XL:     1   Next: 50%
Magic:  0/0        EV: 12    Int:  4    God:    Trog [*.....]
Gold:   0          SH:  0    Dex:  9    Spells: 0/0 levels left

rFire   . . .      SeeInvis .   a - +0 hand axe
rCold   . . .      Faith    .   (no shield)
rNeg    . . .      Spirit   .   b - +0 animal skin
rPois   .          Reflect  .   (helmet restricted)
rElec   .          Harm     .   c - scarf {+Inv}
rCorr   .          Rampage  .   (no gloves)
Will    .....                   (no boots)
Stlth   +.........              (no amulet)
HPRegen 0.06/turn               (no ring)
MPRegen 0.07/turn               (no ring)

@: no status effects
A: horns 2, retaliatory headbutt
a: Renounce Religion, Evoke Invisibility, Berserk


You were on level 1 of the Dungeon.
You worshipped Trog.
Trog was aware of your devotion.
You visited 1 branch of the dungeon, and saw 1 of its levels.

Inventory:

Hand Weapons
 a - a +0 hand axe (weapon)
Armour
 b - a +0 animal skin (worn)
 c - a scarf of invisibility (worn)
Scrolls
 d - a scroll of poison {unknown}


   Skills:
 + Level 3.7 Fighting
 + Level 3.7 Axes
 + Level 2.5 Armour
 + Level 2.3 Dodging


You couldn't memorise any spells.
You didn't know any spells.
Your spell library was empty.

Dungeon Overview and Level Annotations

Branches:
Dungeon (1/15)

Altars:


Innate Abilities, Weirdness & Mutations

You have a pair of horns on your head.
You reflexively headbutt those who attack you in melee.


Message History

The endoplasm freezes you.
You are frozen.
The rat barely misses you.
The endoplasm hits you but does no damage.
The rat bites you. The endoplasm barely misses you. You furiously retaliate!
You headbutt the endoplasm.
You kill the endoplasm!
Trog accepts your kill. The rat bites you but does no damage.
The rat barely misses you. The rat closely misses you.
The rat barely misses you. The rat barely misses you. The rat misses you.
The rat misses you. The rat bites you but does no damage.
The rat closely misses you. The rat bites you but does no damage.
The rat bites you. The rat misses you. The rat closely misses you.
You furiously retaliate!
You headbutt the rat!
You kill the rat!
Trog accepts your kill.
You see here a rat corpse.
You open the door.
There is an open door here.
You open the door.
There is an open door here.
There is an open door here.
A gnoll and a goblin come into view.
The gnoll shouts!
The goblin shouts!
The gnoll moves out of view.
The gnoll hits you with a +0 flail! The gnoll closely misses you.
The goblin hits you with a +0 dagger. The gnoll barely misses you.
The goblin hits you with a +0 dagger.
You hit the gnoll. You headbutt the gnoll!
The gnoll is severely wounded.
You barely miss the goblin. The goblin hits you with a +0 dagger.
The gnoll hits you with a +0 flail!
You die...

#.....###... .........
#.....# ##.# .......##
#...####.# ....... +...').)>#
.....######...######
........##.........#
###......##.#######.#
#..gg....##.#.......#
#...@....##....######
#########........##.#..#
#.......#........##.#††#
#.......#.##...........######
#.......#'######.............
#..............'.............
######......####.....##......
#......# #############.
#......#


You could see a gnoll and a goblin.

Vanquished Creatures
  An endoplasm (D:1)
  A kobold (D:1)
  2 rats (D:1)
4 creatures vanquished.

Notes
Turn   | Place    | Note
-------+----------+-------------------------------------------
     0 | D:1      | mtoz the Minotaur Berserker began the quest for the Orb.
     0 | D:1      | Reached XP level 1. HP: 19/19 MP: 0/0
   472 | D:1      | Slain by a gnoll

Illustrated notes

Levels and vault maps discovered:
D:1:      minmay_arrival_semitransparent, layout_basic,
          ebering_ecumenical_altar_box

Action                   || total
-------------------------++-------
Melee: Hand axe          ||     1
       Headbutt          ||     1
Armor: Animal skin       ||     4
Dodge: Dodged            ||    24
